 Dungeon Crawl Stone Soup version 0.19.0-17-g07987d3 (webtiles) character file.

10558 JeffiDaFish the Basher (level 11, -21/69 HPs)
             Began as a Gargoyle Fighter on Nov 11, 2016.
             Was a Believer of Makhleb.
             Engulfed by a cloud of freezing vapour (30 damage)
             ... in an ice cave.
             The game lasted 00:21:49 (9880 turns).

JeffiDaFish the Basher (Gargoyle Fighter)           Turns: 9880, Time: 00:21:49

Health: -21/69     AC: 31    Str: 28    XL:     11   Next: 64%
Magic:  11/11      EV:  7    Int:  9    God:    Makhleb [**....]
Gold:   383        SH: 12    Dex: 10    Spells: 0 memorised, 10 levels left

rFire  + + +     SeeInvis .     x - +2 morningstar (flame)
rCold  . . .     Gourm    .     s - +0 plate armour
rNeg   + + .     Faith    .     c - +0 shield
rPois  ∞         Spirit   .     C - +1 helmet "Uhyhogam" {rF+++ MR- Str+4}
rElec  +         Reflect  .     n - +2 cloak
rCorr  .         Harm     .     o - +0 pair of gloves
MR     .....                    j - +2 pair of boots
Stlth  ..........               (no amulet)
                                r - ring of positive energy
                                l - +2 ring of strength

@: no status effects
A: negative energy resistance 1, electricity resistance, unbreathing,
petrification resistance, rot immunity, AC +7
a: Minor Destruction, Renounce Religion


You were in an ice cave.
You worshipped Makhleb.
Makhleb was pleased with you.
You were not hungry.

You visited 2 branches of the dungeon, and saw 11 of its levels.
You also visited: Ice Cave.

You collected 623 gold pieces.
You spent 240 gold pieces at shops.

Inventory:

Hand Weapons
 x - a +2 morningstar of flaming (weapon)
Armour
 c - a +0 shield (worn)
 j - a +2 pair of boots (worn)
 n - a +2 cloak (worn)
 o - a +0 pair of gloves (worn)
 s - a +0 plate armour (worn)
 C - the +1 helmet "Uhyhogam" (worn) {rF+++ MR- Str+4}
   (You found it on level 9 of the Dungeon)

   It affects your strength (+4).
   It renders you almost immune to fire.
   It affects your resistance to hostile enchantments.
Jewellery
 l - a +2 ring of strength (left hand)
 r - a ring of positive energy (right hand)
Wands
 a - a wand of flame (24/48)
 v - a wand of heal wounds (7/9)
Scrolls
 e - 11 scrolls of identify
 h - 14 scrolls of remove curse
 q - a scroll of fog
 t - 3 scrolls of teleportation
 u - 2 scrolls of amnesia
Potions
 d - 3 potions of might
 k - 7 potions of curing
 m - a potion of cure mutation
 z - a potion of heal wounds
 B - a potion of ambrosia
 E - a potion of haste
Books
 g - a book of Misfortune

   Spells                             Type                      Level
   a - Confusing Touch                Hexes                        1
   b - Confuse                        Hexes                        3
   c - Gell's Gravitas                Hexes/Translocation          3
   d - Petrify                        Transmutation/Earth          4
   e - Metabolic Englaciation         Hexes/Ice                    5
   f - Yara's Violent Unravelling     Hexes/Transmutation          5
 y - a book of Cantrips

   Spells                             Type                      Level
   a - Confusing Touch                Hexes                        1
   b - Animate Skeleton               Necromancy                   1
   c - Summon Small Mammal            Summoning                    1
   d - Apportation                    Translocation                1
Comestibles
 b - 7 chunks of flesh
 f - 6 bread rations
 i - 9 meat rations
 p - 9 fruits
 w - a royal jelly
 A - 2 beef jerkies
 D - a slice of pizza


   Skills:
 + Level 8.3 Fighting
 + Level 11.7 Maces & Flails
 + Level 8.3 Armour
 + Level 2.6 Dodging
 + Level 1.7 Stealth
 + Level 10.2 Shields


You had 10 spell levels left.
You didn't know any spells.

Dungeon Overview and Level Annotations

Branches:
Dungeon (9/15)             Temple (0/1) D:5            Lair (2/6) D:9
  Swamp: Lair:2-4    Shoals: Lair:2-4     Snake: Lair:2-4    Spider: Lair:2-4
    Orc: D:9-12

Altars:
Kikubaaqudgha
Makhleb
Vehumet
Xom
Zin

Shops:
D:6 (   D:7 [   D:8 (

Annotations:
D:6 Prince Ribbit
D:8 exclusion: statue


Innate Abilities, Weirdness & Mutations

You are resistant to torment.
Your stone body is resilient. (AC +7)
You are immune to poison.
You resist negative energy. (rN+)
You are resistant to electric shocks. (rElec)
You can survive without breathing.
You are immune to petrification.
You are immune to rotting.


Message History

You block the polar bear's attack.
The polar bear claws you but does no damage. x2
You sock the polar bear! You burn the polar bear.
You kill the polar bear!
Makhleb accepts your kill.
You see here a polar bear corpse.
You butcher the polar bear corpse.
b - 7 chunks of flesh (gained 5)
You enter the shallow water.
Moving in this stuff is going to be slow.
You see here a polar bear corpse.
You butcher the polar bear corpse.
You are engulfed in freezing vapours.
* * * LOW HITPOINT WARNING * * *
Things that are here:
5 chunks of flesh; a polar bear skeleton You enter the shallow water.
Moving in this stuff is going to be slow.
You are engulfed in freezing vapours.
You are engulfed in freezing vapours.
You die...

### #..#######
#.∩....#.## ####
#..∩.....### ###...##
###........###§#.....#
####.###.§#§#...# ###
##§@§..# ##§§.## ##§##
###


There were no monsters in sight!

Vanquished Creatures
  A hydra (D:8)
  Pikel (D:7)
  Maurice (D:9)
  A black mamba (Lair:1)
  Psyche (D:9)
  A spiny frog (Lair:2)
  3 komodo dragons
  2 ice devils (Lair:2)
  2 polar bears (IceCv)
  A hornet (D:8)
  A hippogriff (Lair:2)
  Grum (D:9)
  9 yaks
  4 water moccasins
  A porcupine (Lair:1)
  3 orc warriors (D:9)
  A slave (D:7)
  A sky beast (D:6)
  3 phantoms
  A swamp drake (D:9)
  5 ogres
  5 wolves
  4 centaurs
  A crocodile (Lair:1)
  2 big kobolds (D:3)
  3 bullfrogs
  A gnoll sergeant (D:9)
  5 scorpions
  A howler monkey (D:4)
  3 crimson imps
  3 bullfrog zombies
  A jelly (D:7)
  Crazy Yiuf (D:2)
  A bullfrog skeleton (D:6)
  5 hounds
  6 orc priests
  4 orc wizards
  2 centaur skeletons
  7 iguanas
  4 worker ants
  A hound zombie (D:5)
  2 howler monkey zombies (D:5)
  A worker ant zombie (D:6)
  12 gnolls
  2 howler monkey skeletons (D:9)
  7 adders
  An ooze (D:3)
  An adder skeleton (D:4)
  2 worms
  A dart slug (D:1)
  3 leopard geckos
  23 orcs
  2 ball pythons
  7 bats
  2 giant cockroaches
  10 goblins
  8 hobgoblins
  31 jackals
  5 quokkas
  A ball python skeleton (D:5)
  5 frilled lizards
  15 kobolds
  A leopard gecko skeleton (D:5)
  A leopard gecko zombie (D:5)
  4 quokka skeletons
  4 rats
255 creatures vanquished.

Vanquished Creatures (others)
  A komodo dragon (D:9)
  2 wolves (IceCv)
  2 fungi
  2 plants (Lair:2)
7 creatures vanquished.

Grand Total: 262 creatures vanquished

Notes
Turn   | Place    | Note
-------+----------+-------------------------------------------
     0 | D:1      | JeffiDaFish the Gargoyle Fighter began the quest for the Orb.
     0 | D:1      | Reached XP level 1. HP: 14/14 MP: 1/1
   287 | D:1      | Reached XP level 2. HP: 19/19 MP: 2/2
   503 | D:1      | Reached XP level 3. HP: 23/23 MP: 3/3
  1238 | D:2      | Reached XP level 4. HP: 9/28 MP: 4/4
  1743 | D:2      | Reached skill level 1 in Dodging
  2023 | D:2      | Found a runed door.
  2027 | D:2      | Noticed Crazy Yiuf
  2039 | D:2      | Killed Crazy Yiuf
  2039 | D:2      | Reached skill level 3 in Maces & Flails
  2039 | D:2      | Reached XP level 5. HP: 28/33 MP: 5/5
  2501 | D:3      | Noticed a big kobold
  2502 | D:3      | Noticed a big kobold
  2516 | D:3      | Killed a big kobold
  2516 | D:3      | Reached XP level 6. HP: 30/38 MP: 6/6
  2534 | D:3      | Reached skill level 4 in Maces & Flails
  3085 | D:4      | Reached skill level 5 in Shields
  3091 | D:4      | Reached XP level 7. HP: 38/43 MP: 7/7
  3528 | D:5      | Entered Level 5 of the Dungeon
  3543 | D:5      | Reached skill level 5 in Maces & Flails
  3543 | D:5      | Reached skill level 1 in Stealth
  3624 | D:5      | Found a staircase to the Ecumenical Temple.
  3753 | D:5      | Found a glowing silver altar of Zin.
  3991 | D:5      | Reached XP level 8. HP: 48/48 MP: 8/8
  4114 | D:6      | Noticed Prince Ribbit
  4117 | D:6      | Found a radiant altar of Vehumet.
  4341 | D:6      | Reached skill level 6 in Maces & Flails
  4356 | D:6      | Found Fodu's Antique Weapon Shop.
  4366 | D:6      | Bought a runed morningstar for 240 gold pieces
  4627 | D:6      | Reached skill level 5 in Armour
  5000 | D:6      | Reached skill level 7 in Maces & Flails
  5076 | D:6      | Reached skill level 5 in Fighting
  5269 | D:7      | Reached XP level 9. HP: 54/54 MP: 9/9
  5709 | D:7      | Found a shimmering altar of Xom.
  5709 | D:7      | Found a burning altar of Makhleb.
  5716 | D:7      | Became a worshipper of Makhleb the Destroyer
  5742 | D:7      | Found Folaq's Antique Armour Shoppe.
  5783 | D:7      | Found an ancient bone altar of Kikubaaqudgha.
  5795 | D:7      | Noticed Pikel
  5804 | D:7      | Killed Pikel
  5804 | D:7      | Reached skill level 8 in Maces & Flails
  6289 | D:8      | Noticed a five-headed hydra
  6300 | D:8      | Killed a five-headed hydra
  6300 | D:8      | Reached skill level 9 in Maces & Flails
  6300 | D:8      | Reached XP level 10. HP: 19/60 MP: 10/10
  6463 | D:8      | Found Teoges's Weapon Shoppe.
  6794 | D:8      | Reached * piety under Makhleb
  6867 | D:8      | Found a radiant altar of Vehumet.
  7267 | D:9      | Noticed Psyche
  7276 | D:9      | Killed Psyche
  7360 | D:9      | Reached skill level 10 in Maces & Flails
  7402 | D:9      | Noticed Maurice
  7412 | D:9      | Killed Maurice
  7557 | D:9      | Noticed Grum
  7575 | D:9      | Killed Grum
  7839 | D:9      | Reached ** piety under Makhleb
  8059 | D:9      | Found a staircase to the Lair.
  8115 | D:9      | Got an ancient helmet
  8126 | D:9      | Identified the +1 helmet "Uhyhogam" {rF+++ MR- Str+4} (You found it on level 9 of the Dungeon)
  8204 | D:9      | Reached XP level 11. HP: 67/67 MP: 11/11
  8512 | Lair:1   | Entered Level 1 of the Lair of Beasts
  8543 | Lair:1   | Reached skill level 11 in Maces & Flails
  9626 | Lair:2   | Reached skill level 10 in Shields
  9743 | Lair:2   | Found a frozen archway.
  9813 | IceCv    | Entered an ice cave
  9865 | IceCv    | HP: 2/69 [polar bear (8)]
  9880 | IceCv    | Engulfed by a cloud of freezing vapour

Skill      XL: |  1  2  3  4  5  6  7  8  9 10 11 |
---------------+----------------------------------+-----
Armour         | 4 5 6 7 8 |  8.3
Dodging        | 1 2 |  2.6
Shields        | 4 5 6 8 9 10 | 10.2
Fighting       | 4 5 6 7 8 |  8.3
Maces & Flails | 3 4 5 7 9 10 11 | 11.7
Stealth        | 1 |  1.7

Action                   |  1- 3 |  4- 6 |  7- 9 | 10-12 || total
-------------------------+-------+-------+-------+-------++-------
Melee: Flail             |   121 |   250 |   178 |       ||   549
       Morningstar       |       |       |   223 |   393 ||   616
Evoke: Wand              |       |       |       |     1 ||     1
  Use: Scroll            |     4 |     5 |     4 |     2 ||    15
       Potion            |     2 |     3 |     4 |     2 ||    11
  Eat: Chunk             |     1 |     7 |    10 |    12 ||    30
       Fruit             |       |       |     1 |       ||     1
Armor: Scale mail        |    91 |   184 |    24 |       ||   299
       Plate armour      |       |       |   249 |   220 ||   469
Dodge: Dodged            |    61 |   107 |   116 |    87 ||   371
Block: Shield            |    80 |   157 |   230 |   233 ||   700
